 Dungeon Crawl Stone Soup version 0.28-a0-595-g9f6c0e134a (webtiles) character file.

Game seed: 12342867554913567257

4807 lawman0 the Geomancer (level 10, -5/78 HPs)
             Began as a Deep Dwarf Earth Elementalist on Oct 4, 2021.
             Was a Believer of Sif Muna.
             Shot with an arrow by a centaur warrior (19 damage)
             ... on level 8 of the Dungeon.
             The game lasted 00:22:49 (9890 turns).

lawman0 the Geomancer (DDEE)                        Turns: 9890, Time: 00:22:50

Health: -5/78      AC:  8    Str: 15    XL:     10   Next: 24%
Magic:  24/24 (15) EV: 12    Int: 20    God:    Sif Muna [**....]
Gold:   231        SH:  0    Dex: 15    Spells: 7/21 levels left

rFire   + . .      SeeInvis .   y - +0 spear (vamp)
rCold   + + .      Faith    .   (no shield)
rNeg    . . .      Spirit   .   H - +2 ring mail {rC+}
rPois   .          Reflect  .   n - +0 helmet
rElec   .          Harm     .   (no cloak)
rCorr   .          Rampage  .   (no gloves)
Will    +....                   (no boots)
Stlth   +++.......              (no amulet)
HPRegen 0.00/turn               d - ring of magical power
MPRegen 0.19/turn               j - ring "Ufeuzits" {+Blink rF+ rC+ Str+4 Dex+2}

@: no status effects
A: damage resistance, heal wounds, sense surroundings 2, no regeneration
a: Heal Wounds, Renounce Religion, Evoke Blink, Channel Magic


You were on level 8 of the Dungeon.
You worshipped Sif Muna.
Sif Muna was pleased with you.
You visited 2 branches of the dungeon, and saw 9 of its levels.
You also visited: Sewer.

You collected 537 gold pieces.
You spent 306 gold pieces at shops.

Inventory:

Hand Weapons
 i - a +0 mace
 y - a +0 vampiric spear (weapon)
Missiles
 m - 135 stones
Armour
 n - a +0 helmet (worn)
 H - a +2 ring mail of cold resistance (worn)
Jewellery
 d - a ring of magical power (left hand)
 j - the ring "Ufeuzits" (right hand) {+Blink rF+ rC+ Str+4 Dex+2}
   (You found it on level 6 of the Dungeon)

   [ring of protection from cold]

   Str:       It affects your strength (+4).
   Dex:       It affects your dexterity (+2).
   rF:        It protects you from fire.
   rC:        It protects you from cold.
   +Blink:    It lets you blink.
Wands
 c - a wand of digging (6)
 u - a wand of iceblast (10)
 v - a wand of flame (32)
 F - a wand of charming (3)
Scrolls
 b - 3 scrolls of teleportation
 f - 2 scrolls of blinking
 h - 2 scrolls of fear
 p - 4 scrolls of enchant armour
 q - 3 scrolls of summoning
 s - a scroll of immolation
 t - 2 scrolls of fog
 w - a scroll of enchant weapon
 A - 3 scrolls of magic mapping
 B - 2 scrolls of amnesia
Potions
 a - 2 potions of lignification
 g - 3 potions of magic
 k - 4 potions of heal wounds {unknown}
 o - 5 potions of flight
 r - 2 potions of invisibility
 z - a potion of curing {unknown}
 C - 2 potions of mutation {unknown}
 D - a potion of attraction {unknown}
 E - a potion of ambrosia {unknown}


   Skills:
 + Level 1.1 Fighting
 + Level 0.4 Maces & Flails
 + Level 2.7 Armour
 + Level 4.1 Dodging
 + Level 6.4 Stealth
 + Level 6.1 Spellcasting
 * Level 5.6 Conjurations
 + Level 1.5 Transmutations
 + Level 0.2 Air Magic
 * Level 12.9 Earth Magic
 + Level 1.0 Evocations


You had 7 spell levels left.
You knew the following spells:

 Your Spells              Type           Power      Damage    Failure   Level
a - Sandblast             Erth           100%       2d20      1%          1
b - Passwall              Tmut/Erth      29%        N/A       1%          2
c - Stone Arrow           Conj/Erth      86%        3d12      1%          3
d - Magic Dart            Conj           100%       1d8       1%          1
e - Petrify               Tmut/Erth      35%        N/A       10%         4
f - Mephitic Cloud        Conj/Pois/Air  14%        N/A       26%         3

Your spell library contained the following spells:

 Spells                   Type           Power      Damage    Failure   Level
 Call Imp                 Summ           6%         N/A       30%         2
 Ensorcelled Hibernation  Hex/Ice        12%        N/A       30%         2
 Tukima's Dance           Hex            6%         N/A       52%         3


Dungeon Overview and Level Annotations

Branches:
Dungeon (8/15)             Temple (1/1) D:4           Sewer (visited)
   Lair: D:8-11

Altars:
Ashenzari
Cheibriados
Dithmenos
Fedhas
Gozag
Hepliaklqana
Kikubaaqudgha
Makhleb
Okawaru
Qazlal
Ru
Sif Muna
Trog
Uskayaw
Vehumet
Wu Jian
Xom
Yredelemnul
Zin
The Shining One

Shops:
D:6 ?   D:8 *

Annotations:
D:6 3 runed translucent doors, siradein's ghost, novice SpAM


Innate Abilities, Weirdness & Mutations

You are resistant to damage.
You can heal yourself by infusing magical energy.
You passively map the area around you.
You do not regenerate.


Message History

There is an open door here.
Found a whip.
Found an ancient bone altar of Kikubaaqudgha.
Found a ring mail.
A centaur warrior comes into view.
Aiming: Mindburst
Press: ? - help, Shift-Dir - straight line, f - centaur warrior
Aim: a centaur warrior, quivering arrows (asleep, chance to affect: 52%)
The centaur warrior shouts!
The centaur warrior resists with significant effort.
The centaur warrior wields a +0 longbow.
The centaur warrior shoots an arrow.
The arrow hits you.
Aiming: Mindburst
Press: ? - help, Shift-Dir - straight line, f/p - centaur warrior
Aim: a centaur warrior, wielding a +0 longbow and quivering arrows (chance to affect: 52%)
The centaur warrior's mind is blasted!
The centaur warrior shoots an arrow.
The arrow hits you but does no damage.
Unknown command.
Aiming: Mindburst
Press: ? - help, Shift-Dir - straight line, f/p - centaur warrior
Aim: a centaur warrior, wielding a +0 longbow and quivering arrows (moderately wounded, chance to affect: 52%)
The centaur warrior's mind is blasted!!
The now-empty wand crumbles to dust.
The centaur warrior shoots an arrow.
The arrow hits you!!
The centaur warrior shoots an arrow.
The arrow hits you!
* * * LOW HITPOINT WARNING * * *
Aiming: Iceblast
Press: ? - help, Shift-Dir - straight line, p - centaur warrior The mass of ice explodes!
The iceblast engulfs the centaur warrior!
The centaur warrior is severely wounded.
Unknown command.
Unknown command.
Aiming: Iceblast
Press: ? - help, Shift-Dir - straight line, f - centaur warrior
Aim: a centaur warrior, wielding a +0 longbow and quivering arrows (severely wounded)
The mass of ice explodes!
The iceblast engulfs the centaur warrior!
The centaur warrior is almost dead.
The centaur warrior shoots an arrow.
The arrow hits you!!
You die...

###############
#.............#
#.............#
#.............#
#.............#
#.............#
#..@..........#
#...###.###....#
#...#§...§#....#
#...#....)#....#
#......_.......#
#..c#.....#....#
#############...#○[..§#....#
.<.#..#.....#######.###....#
....................#......#


You could see a centaur warrior.

Vanquished Creatures
  Pikel (D:5)
  Joseph (D:8)
  Sigmund (D:5)
  2 steam dragons
  Edmund (D:5)
  A water moccasin (D:6)
  3 orc warriors
  3 ice beasts
  4 sky beasts
  A hornet zombie (D:6)
  An ogre (D:5)
  2 centaurs (D:7)
  3 lemures (D:5)
  A phantom (D:7)
  3 bullfrogs
  2 scorpions
  2 water moccasin zombies (D:6)
  3 wyvern zombies
  A wyvern skeleton (D:6)
  2 water moccasin skeletons
  3 killer bees (D:8)
  2 bullfrog zombies (D:6)
  A jelly (D:4)
  5 centaur zombies
  2 hounds
  3 orc priests
  2 bullfrog skeletons (D:6)
  A centaur skeleton (D:6)
  3 iguanas
  Terence (D:2)
  8 orc wizards
  3 killer bee zombies
  A hound skeleton (D:4)
  Robin (D:2)
  2 howler monkey zombies
  A gnoll (D:6)
  A howler monkey skeleton (D:4)
  6 adders
  4 worms
  2 dart slugs
  29 orcs
  10 ball pythons
  9 endoplasms
  5 giant cockroaches
  14 goblins
  10 hobgoblins
  8 jackals
  12 quokkas
  12 bats
  3 frilled lizards
  6 kobolds
  7 rats
215 creatures vanquished.

Vanquished Creatures (collateral kills)
  A killer bee (D:8)
1 creature vanquished.

Vanquished Creatures (others)
  A fungus (D:6)
  A plant (D:4)
2 creatures vanquished.

Grand Total: 218 creatures vanquished

Notes
Turn   | Place    | Note
-------+----------+-------------------------------------------
     0 | D:1      | lawman0 the Deep Dwarf Earth Elementalist began the quest
                  | for the Orb.
     0 | D:1      | Reached XP level 1. HP: 15/15 MP: 3/3
   337 | D:1      | Reached XP level 2. HP: 22/22 MP: 4/4
   437 | D:1      | Learned a level 2 spell: Passwall
   621 | D:1      | Found a faded altar of an unknown god.
   624 | D:1      | Reached skill level 5 in Earth Magic
   697 | D:1      | Reached XP level 3. HP: 25/28 MP: 6/6
   707 | D:1      | Learned a level 3 spell: Stone Arrow
  1064 | D:2      | Noticed Terence
  1073 | D:2      | Killed Terence
  1132 | D:2      | Reached XP level 4. HP: 26/36 MP: 7/7
  1320 | D:2      | Found an opulent altar of Gozag.
  1417 | D:2      | Reached skill level 6 in Earth Magic
  1553 | D:2      | Noticed Robin
  1569 | D:2      | Killed Robin
  1748 | D:3      | Found a glowing drain.
  1763 | Sewer    | Entered a sewer
  2018 | Sewer    | Reached XP level 5. HP: 29/42 MP: 8/8
  2085 | Sewer    | Learned a level 1 spell: Magic Dart
  2765 | D:3      | Reached skill level 1 in Conjurations
  3046 | D:3      | Reached XP level 6. HP: 27/49 MP: 10/10
  3595 | D:4      | Noticed a sky beast
  3602 | D:4      | Killed a sky beast
  3603 | D:4      | Reached skill level 1 in Armour
  3603 | D:4      | Reached skill level 7 in Earth Magic
  3631 | D:4      | You fall into a shaft and drop 3 floors!
  3736 | D:6      | Noticed an ice beast
  3759 | D:6      | Identified the -2 buckler of Moluasch {Rampage Will- rCorr}
  3764 | D:6      | Found Alioc's Magic Scroll Shoppe.
  3765 | D:6      | Noticed a water moccasin
  3767 | D:6      | Bought 3 scrolls of identify for 66 gold pieces
  3767 | D:6      | Bought a scroll of enchant armour for 82 gold pieces
  3767 | D:6      | Bought a scroll of teleportation for 33 gold pieces
  3776 | D:6      | Killed a water moccasin
  3809 | D:6      | Noticed an orc warrior
  3830 | D:6      | Found a runed translucent gate.
  3830 | D:6      | Found a runed translucent gate.
  3830 | D:6      | Found a runed translucent gate.
  3830 | D:6      | Noticed siradein's ghost (novice SpAM)
  3843 | D:6      | Reached XP level 7. HP: 48/55 MP: 12/12
  3868 | D:6      | Found a shimmering blue altar of Sif Muna.
  3915 | D:6      | Reached skill level 8 in Earth Magic
  4076 | D:5      | Entered Level 5 of the Dungeon
  4130 | D:6      | Became a worshipper of Sif Muna the Loreminder
  4166 | D:6      | Reached skill level 9 in Earth Magic
  4166 | D:6      | Reached XP level 8. HP: 16/62 MP: 6/14
  4454 | D:6      | Identified the ring "Ufeuzits" {+Blink rF+ rC+ Str+4 Dex+2}
  4457 | D:6      | whoa
  4722 | D:6      | Learned a level 4 spell: Petrify
  4726 | D:6      | Learned a level 3 spell: Mephitic Cloud
  4888 | D:6      | Reached skill level 10 in Earth Magic
  5197 | D:6      | Reached skill level 5 in Spellcasting
  5197 | D:6      | Reached skill level 1 in Transmutations
  5810 | D:5      | Noticed Sigmund
  5821 | D:5      | Killed Sigmund
  5822 | D:5      | Gained mutation: You passively map the area around you.
                  | [Deep Dwarf growth]
  5822 | D:5      | Reached XP level 9. HP: 40/69 MP: 10/16
  6037 | D:5      | Noticed Edmund
  6044 | D:5      | Killed Edmund
  6045 | D:5      | Reached skill level 11 in Earth Magic
  6725 | D:5      | Noticed Pikel
  6732 | D:5      | Killed Pikel
  6732 | D:5      | Reached * piety under Sif Muna
  6733 | D:5      | Reached skill level 5 in Stealth
  6860 | D:4      | Found a staircase to the Ecumenical Temple.
  7036 | D:4      | Found a bloodstained altar of Trog.
  7089 | D:4      | Reached skill level 5 in Conjurations
  7582 | Temple   | Entered the Ecumenical Temple
  8182 | D:7      | Reached skill level 12 in Earth Magic
  9053 | D:8      | Reached skill level 1 in Fighting
  9162 | D:8      | Reached ** piety under Sif Muna
  9166 | D:8      | Reached XP level 10. HP: 42/78 MP: 13/17
  9307 | D:8      | Found a radiant altar of Vehumet.
  9599 | D:8      | Noticed Joseph
  9611 | D:8      | Killed Joseph
  9612 | D:8      | Reached skill level 1 in Evocations
  9698 | D:8      | Found Oriu's General Store.
  9707 | D:8      | Bought 19 stones for 28 gold pieces
  9707 | D:8      | Bought a scroll of magic mapping for 52 gold pieces
  9707 | D:8      | Bought a scroll of teleportation for 45 gold pieces
  9874 | D:8      | Found an ancient bone altar of Kikubaaqudgha.
  9880 | D:8      | Noticed a centaur warrior
  9890 | D:8      | Shot with an arrow by a centaur warrior

Illustrated notes

#.#?.* #.#.#.# *,******,,
#########.#.#.# *,,,,,,,,, ##
#......#.#.####******,********
.####.....#..$....,,,,,,,*,,,,,,,
.............######*****,*,*,,,,,
.####.###.#.......# *,*,*,,,**
.#**#.#*#.#...###.# *,*,*,,,**
##,,......#....##.######,*,*,,,**
.,,.............@.(.....,*,*,,,**
#*........P≈≈≈≈.#.######**,*,,,**
#**##..##...≈≈≈.....,,,,,*,*,,,**
,,,*##.##..≈≈≈≈...###***,*,*,,,,*
,,,,,,,.....≈≈.P#.# *,*,*,,,,,
,,,***#.#.P.P≈PP#.# ***,*,*,,,,,
,,,+,,..#..$#.###.# *,*,*,****,*
,,,***,,....#.* *.# *,,,,,,,,,,,
*,** *,*,,***,* *,* *,*,*,****,*


Turn 4457 on D:6: whoa

Levels and vault maps discovered:
D:1:      minmay_arrival_pointy, layout_rooms,
          hellmonk_ecumenical_altar_slurped_away, minmay_tetromino_l4
D:2:      layout_rooms, basic_altar, minmay_misc_feat_iff, uniq_terence,
          uniq_robin
D:3:      layout_loops_ring, portal_sewer_entry_f
D:4:      layout_cave_pools, nicolae_overflow_crystal_walls,
          minmay_temple_entry_overgrown, kennysheep_pointless_box
D:5:      layout_loops_ring, uniq_sigmund, uniq_pikel, uniq_edmund
D:6:      layout_basic, mainiacjoe_overflow_boulevard, serial_shops, shop,
          gammafunk_ghost_necromancy, serial_undead, serial_undead_a,
          serial_undead_a, serial_undead_d, serial_undead_d, serial_undead_d,
          serial_undead_f, st_stairs_4
D:7:      layout_cave_pods
D:8:      layout_gridville, mainiacjoe_overflow_catwalk,
          nicolae_kikubaaqudgha_miasma_corner, serial_shops, shop, uniq_joseph
Temple:   compressed_dpeg_circular_temple

Skill      XL: |  1  2  3  4  5  6  7  8  9 10 |
---------------+-------------------------------+-----
Earth Magic    | 5 6 7 9 10 12 | 12.9
Spellcasting   | 2 3 4 5 6 |  6.1
Stealth        | 3 6 |  6.4
Conjurations   | 1 2 3 4 5 |  5.6
Armour         | 1 2 |  2.7
Dodging        | 3 4 |  4.1
Transmutations | 1 |  1.5
Fighting       | 1 |  1.1
Evocations     | 1 |  1.0
Maces & Flails | |  0.4
Air Magic      | |  0.2

Action                   |  1- 3 |  4- 6 |  7- 9 | 10-12 || total
-------------------------+-------+-------+-------+-------++-------
Melee: Mace              |       |    44 |     4 |       ||    48
       Spear             |       |       |    94 |     4 ||    98
 Cast: Sandblast         |    49 |    28 |    45 |     9 ||   131
       Stone Arrow       |       |    68 |   121 |    13 ||   202
       Magic Dart        |       |    21 |     9 |       ||    30
       Petrify           |       |       |    16 |       ||    16
       Mephitic Cloud    |       |       |     1 |     3 ||     4
 Abil: Heal Wounds       |       |     1 |     8 |     4 ||    13
Evoke: Wand              |       |       |    12 |    10 ||    22
  Use: Scroll            |     4 |     5 |     6 |       ||    15
       Potion            |       |     1 |       |       ||     1
 Stab: Sleeping          |       |     1 |     1 |       ||     2
       Petrified         |       |       |    48 |       ||    48
       Petrifying        |       |       |     1 |       ||     1
Armor: Robe              |     6 |       |       |       ||     6
       Leather armour    |       |    60 |    23 |     1 ||    84
       Ring mail         |       |       |       |     1 ||     1
Dodge: Dodged            |    12 |    99 |    69 |     7 ||   187

Table legend: (Time is in decaauts)
 A = Elapsed time spent in this place.
 B = Non-inter-level travel time spent in this place.
 C = Inter-level travel time spent in this place.
 D = Time resting spent in this place.
 E = Time spent auto-exploring this place.
 F = Levels seen in this place.
 G = Mean time per level.
                   A        B        C        D        E       F      G
               +--------+--------+--------+--------+--------+-----+--------+
         Total |  10016 |   9689 |    327 |   1678 |   6316 |  10 | 1001.6 |
       Dungeon |   8969 |   8650 |    319 |   1317 |   5888 |   8 | 1121.1 |
        Temple |    105 |     97 |      8 |      0 |     83 |   1 |  105.0 |
         Sewer |    941 |    941 |      0 |    361 |    345 |   1 |  941.0 |
               +--------+--------+--------+--------+--------+-----+--------+

Top non-repeatable levels by time:
     D:6: 2031 daAuts
     D:7: 1284 daAuts
     D:5: 1084 daAuts
     D:1: 1008 daAuts
     D:3: 996 daAuts
     D:8: 972 daAuts
   Sewer: 941 daAuts
     D:4: 856 daAuts
     D:2: 737 daAuts
  Temple: 105 daAuts
